 Dungeon Crawl Stone Soup version 0.17.1-3-g152610e (webtiles) character file.

50 Mechanique the Chiller (level 3, -7/24 HPs)
             Began as a Mummy Ice Elementalist on Mar 4, 2016.
             Killed by divine providence
             ... invoked by an orc priest
              (12 damage)
             ... on level 3 of the Dungeon.
             The game lasted 00:07:15 (1774 turns).

Mechanique the Chiller (Mummy Ice Elementalist)     Turns: 1774, Time: 00:07:15

Health: -7/24      AC:  2    Str: 11    XL:     3   Next: 55%
Magic:  2/6        EV: 12    Int: 18    God:
Gold:   112        SH:  0    Dex: 12    Spells: 1 memorised, 5 levels left

rFire  x . .     SeeInvis .     c - +3 hand axe
rCold  + . .     Clarity  .     f - +0 robe
rNeg   + + +     SustAt   .     (no shield)
rPois  ∞         Gourm    .     (no helmet)
rElec  .         Spirit   .     (no cloak)
rCorr  .         Warding  .     (no gloves)
rMut   .         Stasis   .     (no boots)
MR     .....                    (no amulet)
Stlth  ++........               h - +3 ring of intelligence
                                (no ring)

@: very slightly contaminated, not resistant to hostile enchantments, unstealthy
A: no food or potions, fire vulnerability, cold resistance 1, negative energy
resistance 3, torment resistance, unbreathing
a: no special abilities


You were on level 3 of the Dungeon.
You were not hungry.

You visited 1 branch of the dungeon, and saw 3 of its levels.

You collected 112 gold pieces.

Inventory:

Hand Weapons
 c - a +3 hand axe (weapon)
Armour
 f - a +0 robe (worn)
Jewellery
 h - a +3 ring of intelligence (right hand)
Scrolls
 a - 4 scrolls of enchant armour {unknown}
 d - a scroll of magic mapping
Books
 b - a book of Frost

   Spells                             Type                      Level
   a - Freeze                         Ice                          1
   b - Throw Frost                    Conjuration/Ice              2
   c - Ozocubu's Armour               Charms/Ice                   3
   d - Throw Icicle                   Conjuration/Ice              4
   e - Summon Ice Beast               Ice/Summoning                4
   f - Condensation Shield            Ice                          4


   Skills:
 + Level 2.0 Dodging
 - Level 1.5 Stealth
 + Level 2.5 Spellcasting
 + Level 1.0 Conjurations
 + Level 3.1 Ice Magic


You had 5 spell levels left.
You knew the following spells:

 Your Spells              Type           Power        Failure   Level  Hunger
b - Throw Frost           Conj/Ice       #.....       12%         2    N/A

Dungeon Overview and Level Annotations

Branches:
Dungeon (3/15)

Altars:
Ashenzari


Innate Abilities, Weirdness & Mutations

You do not eat or drink.
Your flesh is vulnerable to fire.
You are immune to poison.
Your flesh is cold resistant.
You are immune to negative energy.
You are immune to unholy pain and torment.
You can survive without breathing.


Message History

Casting: Throw Frost
Confirm with . or Enter, or press ? or * to list all spells.
Aiming: Throw Frost
Press: ? - help, Shift-Dir - straight line, f - orc priest
Aim: an orc priest, wielding a mace and wearing a chain mail You miscast Throw Frost.
You are very lightly contaminated with residual magic.
Nothing appears to happen.
The orc priest hits you with a mace!
You hit the orc priest.
The orc priest is lightly wounded.
The orc priest hits you with a mace.
* * * LOW HITPOINT WARNING * * *
An orc comes into view. It is wielding a hand axe.
The orc priest hits you but does no damage.
There is an open door here.
You see here a bat corpse.
The orc priest invokes the aid of Beogh against you.
Something smites you!
Ouch! That really hurt!
You die...

##..#..... ##.....# .#
##....## #.# ### .......#
#.# ..# .%..##.####.####.#
....##...##.##.#.#
..>.###........#.####+#####
....# #........#.##........
..>.# #........'@.†.†o.)...
..... #........####o..<....
##... #(.......# #....>..o
#........# #........
#........# #........
#........# #........
#........# #########
#........# ######...#


You could see an orc priest and an orc.

Vanquished Creatures
  2 adders (D:2)
  A worm (D:2)
  An orc (D:3)
  4 giant cockroaches
  4 hobgoblins (D:2)
  4 bats
  2 giant geckos (D:2)
  3 giant newts
  2 goblins (D:1)
  4 kobolds
  3 rats
30 creatures vanquished.

Notes
Turn   | Place    | Note
--------------------------------------------------------------
     0 | D:1      | Mechanique the Mummy Ice Elementalist began the quest for the Orb.
     0 | D:1      | Reached XP level 1. HP: 13/13 MP: 3/3
   220 | D:1      | Found a shattered altar of Ashenzari.
   269 | D:1      | Reached XP level 2. HP: 19/19 MP: 5/5
   273 | D:1      | Learned a level 2 spell: Throw Frost
  1110 | D:2      | Reached XP level 3. HP: 13/24 MP: 0/6
  1299 | D:2      | Reached skill level 3 in Ice Magic
  1757 | D:3      | Reached skill level 1 in Conjurations
  1774 | D:3      | Killed from afar by an orc priest

Action                   || total
-------------------------++-------
Melee: Hand axe          ||    52
 Cast: Freeze            ||     4
       Throw Frost       ||    11
  Use: Scroll            ||     5
 Stab: Sleeping          ||     6
